 Dungeon Crawl Stone Soup version 0.25.0-26-g0c896c7088 (webtiles) character file.

Game seed: 1333929491587477824

37 protoss039 the Sneak (level 3, -2/20 HPs)
             Began as a Vampire Enchanter on July 3, 2020.
             Slain by Terence
             ... wielding a +0 flail
              (5 damage)
             ... on level 2 of the Dungeon.
             The game lasted 00:06:51 (1805 turns).

protoss039 the Sneak (Vampire Enchanter)            Turns: 1805, Time: 00:06:51

Health: -2/20      AC:  3    Str:  7    XL:     3   Next: 23%
Magic:  3/6        EV: 12    Int: 17    God:
Gold:   112        SH:  0    Dex: 15    Spells: 0/6 levels left

rFire    . . .     SeeInvis +   a - +1 dagger
rCold    + + .     Gourm    .   (no shield)
rNeg     + + +     Faith    .   l - +0 leather armour (curse)
rPois    ∞         Spirit   .   (no helmet)
rElec    .         Reflect  .   (no cloak)
rCorr    .         Harm     .   (no gloves)
MR       .....                  (no boots)
Stlth    +++++.....             (no amulet)
HPRegen  0.00/turn              (no ring)
MPRegen  0.10/turn              (no ring)

@: confusing touch, bloodless
A: no food, fangs 3, see invisible, unbreathing
a: Bat Form, Revivify


You were on level 2 of the Dungeon.
You were bloodless.

You visited 1 branch of the dungeon, and saw 2 of its levels.

You collected 112 gold pieces.

Inventory:

Hand Weapons
 a - a +1 dagger (weapon)
Armour
 b - a +0 robe
 l - a cursed +0 leather armour (worn)
Jewellery
 i - a +4 ring of evasion {unknown}
Scrolls
 c - 4 scrolls of identify {unknown}
 d - 2 scrolls of noise {unknown}
 e - 4 scrolls of magic mapping {unknown}
 f - a scroll of blinking {unknown}
 k - a scroll of remove curse {unknown}
 m - a scroll of fear {unknown}
Potions
 g - 2 potions of heal wounds {unknown}
 h - a potion of haste {unknown}
 j - a potion of degeneration {unknown}
 n - a potion of flight {unknown}


   Skills:
 + Level 0.3 Fighting
 + Level 1.2 Short Blades
 - Level 2.1 Dodging
 + Level 5.2 Stealth
 + Level 2.4 Spellcasting
 + Level 5.1 Hexes


You couldn't memorise any spells.
You knew the following spells:

 Your Spells              Type           Power        Failure   Level  Hunger
a - Corona                Hex            ###....      3%          1    N/A
b - Confusing Touch       Hex            ###.....     10%         3    N/A
c - Ensorcelled Hibernat  Hex/Ice        ##....       14%         2    N/A

Your spell library contained the following spells:

 Spells                   Type           Power        Failure   Level  Hunger
 Tukima's Dance           Hex            ###.....     10%         3    N/A
 Dazzling Flash           Conj/Hex       ##....       28%         3    N/A

Dungeon Overview and Level Annotations

Branches:
Dungeon (2/15)

Altars:

Annotations:
D:2 Terence


Innate Abilities, Weirdness & Mutations

You do not eat.
You do not regenerate when monsters are visible.
You are frail without blood (-20% HP).
You can heal yourself when you bite living creatures.
You are immune to poison.
You have razor-sharp teeth.
You have supernaturally acute eyesight. (SInv)
You can survive without breathing.


Message History

Ouch! That really hurt!
Terence stops glowing.
Terence says, "Don't bother to defend, it's useless."
Terence shouts, "ATTACK!!!"
Casting: Ensorcelled Hibernation (safe; 14% risk of failure)
Confirm with . or Enter, or press ? or * to list all spells.
The spell is extremely dangerous to cast (10% risk of failure)!
Continue anyway?
Okay, then.
Unknown command.
Casting: Confusing Touch (extremely dangerous; 10% risk of failure)
Confirm with . or Enter, or press ? or * to list all spells.
The spell is extremely dangerous to cast (10% risk of failure)!
Continue anyway?
Your hands begin to glow red.
Terence hits you with a +0 flail.
* * * LOW HITPOINT WARNING * * *
Unknown command.
Unknown command.
You completely miss Terence.
Terence is severely wounded.
Terence hits you with a +0 flail.
You die...

##.####.#.#####....<.....#
.........................
##.####..............#.#
#.####..#########.#.###
#.#......# #.#.#.. #.#.####.##
#.#.#.##### #.# ##..####
#.#.#.....
.%#.###......####.#'#..########+
#...........@@.......#........
#####......####......#........
#......##<#......#.......<
#......##.#...............
#......##.#.....##..%.....
########<.....##.......###.######
..............#.......## #.#
........####..#.......# #.#
...........÷..........# #.#


You could see Terence.

Vanquished Creatures
  A leopard gecko (D:2)
  A giant cockroach (D:1)
  6 goblins
  3 hobgoblins
  4 jackals (D:2)
  2 ball pythons
  6 bats
  A frilled lizard (D:1)
  7 kobolds
  3 rats
34 creatures vanquished.

Notes
Turn   | Place    | Note
-------+----------+-------------------------------------------
     0 | D:1      | protoss039 the Vampire Enchanter began the quest for the
                  | Orb.
     0 | D:1      | Reached XP level 1. HP: 13/13 MP: 3/3
   306 | D:1      | Reached XP level 2. HP: 19/19 MP: 0/5
   561 | D:1      | Reached skill level 5 in Hexes
  1065 | D:2      | Reached skill level 5 in Stealth
  1168 | D:2      | Reached XP level 3. HP: 19/19 MP: 6/6
  1654 | D:2      | Learned a level 3 spell: Confusing Touch
  1657 | D:2      | Learned a level 2 spell: Ensorcelled Hibernation
  1744 | D:2      | Noticed Terence
  1805 | D:2      | Slain by Terence

Illustrated notes

Levels and vault maps discovered:
D:1:      saegor_arrival_miasma, layout_loops_ring, serial_forest,
          infiniplex_forest_lined_2, infiniplex_forest_lined_room_2,
          infiniplex_forest_corner_1, infiniplex_forest_clump_double,
          infiniplex_forest_lined_3_way, serial_bayou_pond_b
D:2:      minmay_thinvault, layout_basic, lightli_temple_of_fire, first_ration,
          uniq_terence

Skill      XL: |  1  2 |
---------------+-------+-----
Hexes          | 5 |  5.1
Stealth        | 5 |  5.2
Fighting       | |  0.3
Short Blades   | |  1.2
Dodging        | |  2.1
Spellcasting   | |  2.4

Action                   || total
-------------------------++-------
Melee: Dagger            ||   121
       Bite              ||     9
 Cast: Corona            ||    32
       Ensorcelled Hiber ||     2
       Confusing Touch   ||     1
 Abil: Exsanguinate      ||     1
 Stab: Sleeping          ||     7
Armor: Robe              ||    29
       Leather armour    ||    13
Dodge: Dodged            ||   128
